 Dungeon Crawl Stone Soup version 0.30-a0-462-gd5975efbca (webtiles) character file.

Game seed: 7776293110320559339

3 greenreed the Vexing (level 1, 0/15 HPs)
             Began as a Formicid Hexslinger on Dec 17, 2022.
             Slain by a kobold
             ... wielding a +0 whip
              (3 damage)
             ... on level 1 of the Dungeon.
             The game lasted 00:01:20 (175 turns).

greenreed the Vexing (Formicid Hexslinger)           Turns: 175, Time: 00:01:21

Health: 0/15       AC:  2    Str: 14    XL:     1   Next: 55%
Magic:  2/2        EV: 12    Int: 12    God:
Gold:   0          SH:  0    Dex: 14    Spells: 1/2 levels left

rFire   . . .      SeeInvis +    a - +1 sling
rCold   . . .      Faith    .    (no shield)
rNeg    . . .      Spirit   .    c - +0 robe
rPois   .          Reflect  .    (helmet unavailable)
rElec   .          Harm     .    (no cloak)
rCorr   .          Rampage  .    (no gloves)
Will    .....                    (no boots)
Stlth   +.........               (no amulet)
HPRegen 0.22/turn                (no ring)
MPRegen 0.08/turn                (no ring)

@: no status effects
A: permanent stasis, dig shafts and tunnels, antennae 3, four strong arms
a: Dig, Shaft Self


You were on level 1 of the Dungeon.
You visited 1 branch of the dungeon, and saw 1 of its levels.

Inventory:

Hand Weapons
 a - a +1 sling (weapon)
Armour
 c - a +0 robe (worn)
 d - an orb of energy
Scrolls
 b - a scroll of poison
Potions
 e - a potion of degeneration {unknown}
 f - a potion of heal wounds {unknown}


   Skills:
 + Level 1.1 Fighting
 + Level 2.0 Ranged Weapons
 + Level 1.7 Dodging
 + Level 1.3 Spellcasting
 + Level 3.7 Hexes


You had one spell level left.
You knew the following spells:

 Your Spells              Type           Power      Damage    Failure   Level
a - Slow                  Hex            36%        N/A       6%          1

Your spell library contained the following spells:

 Spells                   Type           Power      Damage    Failure   Level
 Inner Flame              Hex/Fire       5%         N/A       38%         3
 Portal Projectile        Hex/Tloc       10%        N/A       38%         3
 Cause Fear               Hex            4%         N/A       52%         4


Dungeon Overview and Level Annotations

Branches:
Dungeon (1/15)

Altars:


Innate Abilities, Weirdness & Mutations

You cannot be hasted, slowed, berserked, paralysed or teleported.
You can dig through walls and to a lower floor.
You have a pair of large antennae on your head. (SInv)
Your four strong arms can wield two-handed weapons with a shield.


Message History

You shoot a sling bullet. The sling bullet hits the jackal.
The jackal is heavily wounded.
The jackal misses you. The jackal closely misses you.
You shoot a sling bullet.
The sling bullet hits the jackal but does no damage.
The jackal is heavily wounded.
You hear an angry hiss.
The endoplasm freezes you.
You are frozen.
The jackal bites you. The endoplasm freezes you.
You are frozen.
The jackal bites you but does no damage.
You shoot a sling bullet. The sling bullet hits the endoplasm.
The endoplasm is moderately wounded.
The jackal misses you. The endoplasm freezes you.
You are frozen.
* * * LOW HITPOINT WARNING * * *
The jackal bites you but does no damage.
You shoot a sling bullet. The sling bullet hits the endoplasm.
You kill the endoplasm!
The jackal misses you.
You shoot a sling bullet. The sling bullet hits the kobold.
The kobold is severely wounded.
The jackal barely misses you.
A ball python comes into view.
The kobold barely misses you. The jackal bites you.
* * * LOW HITPOINT WARNING * * *
The kobold closely misses you.
You shoot a sling bullet.
The sling bullet barely misses the kobold.
The sling bullet closely misses the ball python.
The jackal misses you. The jackal bites you.
* * * LOW HITPOINT WARNING * * *
The kobold barely misses you.
You shoot a sling bullet.
The sling bullet closely misses the kobold.
The sling bullet closely misses the ball python.
The jackal closely misses you. The kobold hits you with a +0 whip.
You die...

#... ### #.. ..#
#.. #.# #.. #.#
#.# #.## #S# #.{#
#K# ###..## #@#
###.....###h#
###......†.##h#
#....PPP....#h#
#.).PP♣♣♣..P..h#
#..PP.♣P♣...PP..#
#.P.P.P♣P<..♣...#
#....PP♣P.P♣P...#
#.....PP.g.....##


You could see 4 jackals, a ball python and a kobold.

Vanquished Creatures
  2 endoplasms (D:1)
  A bat (D:1)
3 creatures vanquished.

Vanquished Creatures (others)
  4 withered plants (D:1)
4 creatures vanquished.

Grand Total: 7 creatures vanquished

Notes
Turn   | Place    | Note
-------+----------+-------------------------------------------
     0 | D:1      | greenreed the Formicid Hexslinger began the quest for the
                  | Orb.
     0 | D:1      | Reached XP level 1. HP: 15/15 MP: 2/2
   175 | D:1      | Slain by a kobold

Illustrated notes

Levels and vault maps discovered:
D:1:      spicycebolla_arrival_clurvy, layout_rooms

Action                   || total
-------------------------++-------
 Fire: Sling             ||    20
Armor: Robe              ||     4
Dodge: Dodged            ||    20

Table legend: (Time is in decaauts)
 A = Elapsed time spent in this place.
 B = Non-inter-level travel time spent in this place.
 C = Inter-level travel time spent in this place.
 D = Time resting spent in this place.
 E = Time spent auto-exploring this place.
 F = Levels seen in this place.
 G = Mean time per level.
                   A        B        C        D        E       F      G
               +--------+--------+--------+--------+--------+-----+--------+
         Total |    180 |    180 |      0 |    100 |     11 |   1 |  180.0 |
       Dungeon |    180 |    180 |      0 |    100 |     11 |   1 |  180.0 |
               +--------+--------+--------+--------+--------+-----+--------+

Top non-repeatable levels by time:
     D:1: 180 daAuts
